 Dungeon Crawl Stone Soup version 0.22-a0-525-gf69a080 (webtiles) character file.

759 kae the Slasher (level 7, -8/62 HPs)
             Began as a Minotaur Fighter on June 20, 2018.
             Mangled by a red ugly thing (17 damage)
             ... on level 6 of the Dungeon.
             The game lasted 00:03:02 (4333 turns).

kae the Slasher (Minotaur Fighter)                  Turns: 4333, Time: 00:03:02

Health: -8/62      AC: 15    Str: 20    XL:     7   Next: 50%
Magic:  6/6        EV:  5    Int:  7    God:
Gold:   240        SH:  9    Dex: 10    Spells: 6/6 levels left

rFire    . . .     SeeInvis .   a - +0 long sword
rCold    . . .     Gourm    .   c - +0 shield
rNeg     . . .     Faith    .   y - +0 plate armour
rPois    .         Spirit   .   (helmet restricted)
rElec    .         Reflect  .   q - +2 cloak {MR+}
rCorr    .         Harm     .   (no gloves)
MR       +....                  (no boots)
Stlth    ..........             (no amulet)
HPRegen  0.20/turn              (no ring)
MPRegen  0.10/turn              (no ring)

@: no status effects
A: retaliatory headbutt, horns 2
a: no special abilities


You were on level 6 of the Dungeon.
You were very hungry.

You visited 1 branch of the dungeon, and saw 6 of its levels.

You collected 294 gold pieces.
You spent 54 gold pieces at shops.

Inventory:

Hand Weapons
 a - a +0 long sword (weapon)
Armour
 b - a +0 scale mail
 c - a +0 shield (worn)
 q - a +2 cloak of magic resistance (worn)
 y - a +0 plate armour (worn)
Jewellery
 h - an uncursed ring of wizardry {unknown}
 o - an uncursed ring of ice {unknown}
 v - an uncursed amulet of magic regeneration {unknown}
Wands
 p - a wand of flame (34)
 s - a wand of disintegration (11)
Scrolls
 e - 3 scrolls of teleportation {unknown}
 g - 10 scrolls of identify {unknown}
 i - a scroll of blinking {unknown}
 k - a scroll of enchant armour {unknown}
 n - 7 scrolls of remove curse {unknown}
 r - a scroll of fear {unknown}
 u - a scroll of vulnerability {unknown}
Potions
 d - a potion of lignification {unknown}
 j - a potion of ambrosia {unknown}
 l - a potion of cancellation {unknown}
 m - 4 potions of flight {unknown}
 t - a potion of resistance {unknown}
 w - a potion of agility {unknown}
 x - a potion of curing {unknown}
Comestibles
 f - 14 rations


   Skills:
 + Level 5.7 Fighting
 * Level 6.7 Long Blades
 + Level 5.7 Armour
 + Level 3.9 Dodging
 - Level 3.6 Shields


You had 6 spell levels left.
You didn't know any spells.
Your spell library was empty.

Dungeon Overview and Level Annotations

Branches:
Dungeon (6/15)
 Temple: D:4-7

Altars:
Dithmenos
Gozag
Kikubaaqudgha
Nemelex Xobeh
Qazlal
Ru
Sif Muna
Trog
Vehumet
Wu Jian

Shops:
D:5 *:


Innate Abilities, Weirdness & Mutations

You reflexively headbutt those who attack you in melee.
You have a pair of horns on your head.


Message History

The red ugly thing pecks you.
You are engulfed in flames!
The phantom blinks!
Found an escape hatch in the ceiling.
You are too injured to fight recklessly!
You are too injured to fight recklessly!
You are too injured to fight recklessly!
You are too injured to fight recklessly!
You are too injured to fight recklessly!
You are too injured to fight recklessly!
You are too injured to fight recklessly!
You are too injured to fight recklessly!
The red ugly thing pecks you.
You are engulfed in flames!!
* * * LOW HITPOINT WARNING * * *
The phantom blinks!
The red ugly thing barely misses you.
Okay, then.
The phantom hits you but does no damage.
The phantom blinks!
The red ugly thing pecks you!
* * * LOW HITPOINT WARNING * * *
You are engulfed in flames!
You die...

#.# #.# #.# ####.####
###### #.......# #....#
#.##.##.# #.##.# #[##.##.#
#.##.#######.##ยง##.###...
#.##.........@u...W.<.....
#.....######.#...#.###....
#..#.## #.......# ..
#..#.# #.#...#.# #..#.#
#.......# ##....##
####.#### #......# #.#
#.#.##.# #+# #.#.##.#


You could see a red ugly thing and a phantom.

Vanquished Creatures
  Sigmund (D:2)
  Duvessa (D:5)
  Dowan (D:5)
  A scorpion (D:4)
  An orc priest (D:3)
  A centaur skeleton (D:4)
  A jelly (D:5)
  Crazy Yiuf (D:4)
  3 worker ants
  An iguana (D:4)
  An orc wizard (D:4)
  5 adders
  A howler monkey skeleton (D:4)
  2 oozes (D:3)
  An adder skeleton (D:4)
  2 worms (D:2)
  2 dart slugs
  2 leopard geckos
  9 orcs
  A ball python (D:4)
  11 bats
  3 giant cockroaches
  4 goblins
  4 hobgoblins (D:1)
  16 jackals
  A quokka (D:2)
  6 frilled lizards
  7 kobolds
  A leopard gecko skeleton (D:4)
  A leopard gecko zombie (D:6)
  5 rats
97 creatures vanquished.

Notes
Turn   | Place    | Note
-------+----------+-------------------------------------------
     0 | D:1      | kae the Minotaur Fighter began the quest for the Orb.
     0 | D:1      | Reached XP level 1. HP: 19/19 MP: 0/0
   190 | D:1      | Reached XP level 2. HP: 23/27 MP: 1/1
   215 | D:1      | Reached skill level 3 in Long Blades
   516 | D:1      | Reached skill level 1 in Dodging
   675 | D:2      | Reached XP level 3. HP: 33/33 MP: 2/2
  1037 | D:2      | Reached XP level 4. HP: 39/40 MP: 3/3
  1073 | D:2      | Found an ornate altar of the Wu Jian Council.
  1223 | D:2      | Noticed Sigmund
  1229 | D:2      | Killed Sigmund
  1229 | D:2      | Reached skill level 5 in Long Blades
  1229 | D:2      | Reached XP level 5. HP: 26/47 MP: 4/4
  1595 | D:2      | Found a deep blue altar of Sif Muna.
  1817 | D:3      | Reached XP level 6. HP: 55/55 MP: 5/5
  2248 | D:3      | Reached skill level 5 in Fighting
  2248 | D:3      | Reached skill level 5 in Armour
  2372 | D:3      | Found a sparkling altar of Nemelex Xobeh.
  2376 | D:3      | Found an ancient bone altar of Kikubaaqudgha.
  2381 | D:3      | Found a stormy altar of Qazlal.
  2820 | D:4      | Found a bloodstained altar of Trog.
  2893 | D:4      | Reached skill level 6 in Long Blades
  2893 | D:4      | Reached XP level 7. HP: 60/61 MP: 6/6
  2925 | D:4      | Found a runed door.
  3287 | D:4      | Noticed Crazy Yiuf
  3295 | D:4      | Killed Crazy Yiuf
  3450 | D:5      | Entered Level 5 of the Dungeon
  3465 | D:5      | Noticed Dowan
  3465 | D:5      | Noticed Duvessa
  3483 | D:5      | Killed Duvessa
  3495 | D:5      | Killed Dowan
  3737 | D:5      | Found Oxullyph's Book Boutique.
  3804 | D:5      | Found a radiant altar of Vehumet.
  3817 | D:5      | Found a sacrificial altar of Ru.
  3872 | D:5      | Found an opulent altar of Gozag.
  3962 | D:5      | Found Gakootet's Assorted Antiques.
  3965 | D:5      | Bought a scroll labeled FIOSOJ WIYRPHU for 27 gold pieces
  3965 | D:5      | Bought a scroll labeled RUFRAYWNOME for 27 gold pieces
  3972 | D:5      | Found a shadowy altar of Dithmenos.
  4309 | D:6      | Noticed a red ugly thing
  4333 | D:6      | Mangled by a red ugly thing

Vault maps used:
D:1:      minmay_arrival_checkered_box
D:2:      marbit_many_paths, led_sif_pool, uniq_sigmund
D:3:      minmay_overflow_temple_star_quad
D:4:      lightli_temple_of_fire, first_ration, uniq_crazy_yiuf_cottage
D:5:      vehumet_crystals, nicolae_ru_awakened_eye, kennysheep_mini_moat,
          lemuel_round_altar, serial_shops, nicolae_shop_behind_doors,
          nicolae_shop_crystal, uniq_duvessa
D:6:      lemuel_castle_with_subvaults, gammafunk_ghost_grave

Skill      XL: |  1  2  3  4  5  6 |
---------------+-------------------+-----
Long Blades    | 3 5 6 |  6.7
Dodging        | 1 2 3 |  3.9
Fighting       | 4 5 |  5.7
Armour         | 4 5 |  5.7
Shields        | |  3.6

Action                   |  1- 3 |  4- 6 |  7- 9 || total
-------------------------+-------+-------+-------++-------
Melee: Long sword        |    92 |   119 |    66 ||   277
       Headbutt          |    11 |    19 |    11 ||    41
  Use: Potion            |       |     1 |       ||     1
  Eat: Chunk             |       |     7 |     3 ||    10
Armor: Scale mail        |    39 |    42 |    17 ||    98
       Plate armour      |       |       |     2 ||     2
Dodge: Dodged            |    31 |    49 |    16 ||    96
Block: Shield            |    49 |    74 |    37 ||   160
       Rpst.: Long sword |    12 |    15 |     3 ||    30

Table legend:
 A = Spawn XP
 B = Non-spawn XP
 C = Spawn XP percentage of total XP
 D = Spawn monster count
 E = Non-spawn monster count
 F = Spawn count percentage of total count
 G = Total turns spent on level
                    A         B        C        D         E        F      G
               +---------+---------+-------+---------+---------+-------+---------
         Total |       0 |    1085 |   0.0 |       0 |      97 |   0.0 |  4333
               +---------+---------+-------+---------+---------+-------+---------
           D:1 |       0 |      36 |   0.0 |       0 |      20 |   0.0 |   672
           D:2 |       0 |     313 |   0.0 |       0 |      23 |   0.0 |  1140
           D:3 |       0 |     150 |   0.0 |       0 |      30 |   0.0 |   628
           D:4 |       0 |     282 |   0.0 |       0 |      14 |   0.0 |  1010
           D:5 |       0 |     303 |   0.0 |       0 |       9 |   0.0 |   817
           D:6 |       0 |       1 |   0.0 |       0 |       1 |   0.0 |    66
               +---------+---------+-------+---------+---------+-------+---------
